 Dungeon Crawl Stone Soup version 0.30-a0-920-g7493c07aab (webtiles) character file.

Game seed: 16711262531135649290

495 qeuew the Cudgeller (level 6, -3/48 HPs)
             Began as a Demonspawn Monk on Mar 21, 2023.
             Killed by nerve-wracking pain
             ... invoked by an orc priest
              (13 damage)
             ... on level 4 of the Dungeon.
             The game lasted 00:04:56 (2818 turns).

qeuew the Cudgeller (Demonspawn Monk)               Turns: 2818, Time: 00:04:56

Health: -3/48      AC: 15    Str: 20    XL:     6   Next: 92%
Magic:  6/6        EV: 12    Int:  6    God:
Gold:   191        SH:  5    Dex: 15    Spells: 5/5 levels left

rFire   + . .      SeeInvis .    g - +0 whip (elec)
rCold   + . .      Faith    .    (no shield)
rNeg    . . .      Spirit   .    p - +8 ring mail "Boqeov" {Str+6 Int-5 Stlth+}
rPois   +          Reflect  +    (no helmet)
rElec   .          Rampage  .    (no cloak)
rCorr   .                        (no gloves)
Will    .....                    (no boots)
Stlth   ++                       k - amulet of reflection
HPRegen 0.28/turn                o - ring of protection from fire
MPRegen 0.10/turn                (no ring)

@: no status effects
A: slimy green scales 1, foul stench 1, fangs 1, cold resistance 1, passive
freeze, poison resistance
a: no special abilities


You were on level 4 of the Dungeon.
You visited 1 branch of the dungeon, and saw 4 of its levels.

You collected 191 gold pieces.

Inventory:

Hand Weapons
 g - a +0 whip of electrocution (weapon)
Armour
 p - the +8 ring mail "Boqeov" (worn) {Str+6 Int-5 Stlth+}
   (You found it on level 3 of the Dungeon)

   Str:       It affects your strength (+6).
   Int:       It affects your intelligence (-5).
   Stlth:     It makes you more stealthy.
Jewellery
 k - an amulet of reflection (around neck)
 o - a ring of protection from fire (left hand)
Scrolls
 b - a scroll of torment {unknown}
 c - a scroll of blinking {unknown}
Potions
 a - a potion of might
 d - a potion of berserk rage
 e - a potion of heal wounds {unknown}
 j - 3 potions of curing
 n - a potion of mutation


   Skills:
 + Level 4.1 Fighting
 * Level 4.6 Maces & Flails
 * Level 3.6 Armour
 + Level 3.8 Dodging
 - Level 1.7 Stealth


You had 5 spell levels left.
You didn't know any spells.
Your spell library contained the following spells:

 Spells                   Type           Power      Damage    Failure   Level
 Hailstorm                Conj/Ice       0%         3d3       94%         3
 Vhi's Electric Charge    Tloc/Air       0%         N/A       94%         3
 Ice Form                 Ice/Tmut       0%         N/A       100%        4
 Arcjolt                  Conj/Air       0%         1d10      100%        5
 Simulacrum               Ice/Necr       0%         N/A       100%        6
 Maxwell's Capacitive Co  Air            0%         ∞         100%        8


Dungeon Overview and Level Annotations

Branches:
Dungeon (4/15)
 Temple: D:4-7

Altars:
Vehumet


Innate Abilities, Weirdness & Mutations

You are partially covered in slimy green scales. (AC +2)
You may rarely emit foul miasma when damaged in melee.
You have very sharp teeth.
Your flesh is cold resistant. (rC+)
A frigid envelope surrounds you and freezes all who hurt you.
Your system is resistant to poisons. (rPois)


Message History

Okay, then.
You completely miss the orc wizard.
The orc wizard hits you but does no damage.
The orc wizard is very cold.
The orc wizard is severely wounded.
The orc priest calls upon Beogh to heal the orc wizard.
The orc wizard is healed somewhat.
You hit the orc wizard but do no damage.
The orc wizard is moderately wounded.
You whack the orc wizard!
The orc wizard is almost dead.
The orc wizard barely misses you.
You barely miss the orc wizard.
The orc wizard is almost dead.
The orc wizard hits you with a +0 dagger.
The orc wizard is very cold.
You kill the orc wizard!
You closely miss the orc priest. The orc priest barely misses you.
You barely miss the orc priest.
The orc priest hits you with a +0 hand axe.
* * * LOW HITPOINT WARNING * * *
The orc priest is very cold.
The orc priest is lightly wounded.
You hit the orc priest.
The orc priest is moderately wounded.
The orc priest invokes the aid of Beogh against you.
Pain shoots through your body!
* * * LOW HITPOINT WARNING * * *
You hit the orc priest.
The orc priest is moderately wounded.
A goblin comes into view. It is wielding a +0 dagger.
You block the orc priest's attack.
You feel better. The orc priest barely misses you.
You hit the orc priest.
The orc priest is heavily wounded.
You completely miss the orc priest.
The orc priest is heavily wounded.
The orc priest mumbles some strange prayers to Beogh against you.
Pain shoots through your body!
You die...

#...... ##.....###
###........ ..o......#
#o....#### # #.)......##.#
#####..#...# ########)..#
# #..@o..g..#.#
#.####†.....# ######.#
#.####.# ...##.# #.# ##
####.##.# #.# #.......#
#.# #.......# ##.##
#.......###...############
#.........†.............(.


You could see an orc priest and a goblin.

Vanquished Creatures
  2 ogres
  A jelly (D:4)
  An orc priest (D:4)
  Crazy Yiuf (D:2)
  Natasha (thrice) (D:2)
  2 orc wizards
  6 adders
  A worm (D:3)
  A dart slug (D:1)
  4 orcs (D:3)
  8 bats
  6 endoplasms
  3 giant cockroaches
  6 goblins
  4 hobgoblins
  7 quokkas
  8 ball pythons
  3 frilled lizards
  3 kobolds
  4 rats
74 creatures vanquished.

Notes
Turn   | Place    | Note
-------+----------+-------------------------------------------
     0 | D:1      | qeuew the Demonspawn Monk began the quest for the Orb.
     0 | D:1      | Reached XP level 1. HP: 18/18 MP: 1/1
   202 | D:1      | Gained mutation: You may rarely emit foul miasma when
                  | damaged in melee. [demonic ancestry]
   202 | D:1      | Reached XP level 2. HP: 20/24 MP: 2/2
   441 | D:1      | Reached skill level 1 in Armour
   787 | D:1      | Gained mutation: You are robust. (+10% HP) [potion of
                  | mutation]
   787 | D:1      | Gained mutation: You are clumsy. (Dex -2) [potion of
                  | mutation]
   876 | D:2      | Reached XP level 3. HP: 21/31 MP: 3/3
   957 | D:2      | Noticed Natasha
   967 | D:2      | Killed Natasha
  1098 | D:2      | Reached XP level 4. HP: 38/38 MP: 4/4
  1100 | D:2      | Noticed Natasha
  1127 | D:2      | Killed Natasha
  1182 | D:2      | Noticed Natasha
  1197 | D:2      | Killed Natasha
  1317 | D:2      | Found a radiant altar of Vehumet.
  1325 | D:2      | Noticed an ogre
  1334 | D:2      | Killed an ogre
  1335 | D:2      | Reached XP level 5. HP: 37/46 MP: 5/5
  1426 | D:2      | Found a runed translucent door.
  1427 | D:2      | Noticed Crazy Yiuf
  1631 | D:2      | Found a faded altar of an unknown god.
  1713 | D:2      | HP: 1/46 [Crazy Yiuf/+3 quarterstaff of chaos (2)]
  1715 | D:2      | Killed Crazy Yiuf
  2047 | D:3      | Gained mutation: You are partially covered in slimy green
                  | scales. (AC +2) [demonic ancestry]
  2047 | D:3      | Reached XP level 6. HP: 52/52 MP: 6/6
  2468 | D:3      | Identified the +8 ring mail "Boqeov" {Str+6 Int-5 Stlth+}
  2694 | D:3      | Lost mutation: You are robust. (+10% HP) [potion of
                  | mutation]
  2694 | D:3      | Lost mutation: You are clumsy. (Dex -2) [potion of
                  | mutation]
  2694 | D:3      | Gained mutation: A frigid envelope surrounds you and
                  | freezes all who hurt you. [potion of mutation]
  2694 | D:3      | Gained mutation: You have very sharp teeth. [potion of
                  | mutation]
  2694 | D:3      | Gained mutation: Your system is resistant to poisons.
                  | (rPois) [potion of mutation]
  2694 | D:3      | Gained mutation: Your flesh is cold resistant. (rC+)
                  | [potion of mutation]
  2814 | D:4      | HP: 2/48 [orc priest/nerve-wracking pain (11)]
  2818 | D:4      | Killed from afar by an orc priest

Illustrated notes

Levels and vault maps discovered:
D:1:      lightli_arrival_statuegarden, layout_loops_cross
D:2:      layout_rooms, hellmonk_ecumenical_altar_inner_sanctum, basic_altar,
          hangedman_decor_diamond_cutter, uniq_crazy_yiuf_cottage, uniq_natasha
D:3:      layout_loops_ring
D:4:      layout_loops_ring, nicolae_qazlal_eye_of_the_storm,
          minmay_temple_entry_wispy, serial_bayou_pond_b, kennysheep_flooded_box

Skill      XL: |  1  2  3  4  5  6 |
---------------+-------------------+-----
Armour         | 1 2 3 |  3.6
Maces & Flails | 3 4 |  4.6
Dodging        | 3 |  3.8
Fighting       | 4 |  4.1
Stealth        | |  1.7

Action                     |  1- 3 |  4- 6 || total
---------------------------+-------+-------++-------
  Melee: Mace              |    24 |       ||    24
         Whip              |    57 |   204 ||   261
         Punch             |       |     3 ||     3
    Use: Potion            |     5 |     8 ||    13
         Scroll            |     2 |     4 ||     6
   Stab: Sleeping          |       |     2 ||     2
 Armour: Robe              |     7 |       ||     7
         Ring mail         |    23 |    77 ||   100
  Dodge: Dodged            |    58 |    98 ||   156
  Block: Other             |       |     5 ||     5
         Reflection        |       |     1 ||     1

Table legend: (Time is in decaauts)
 A = Elapsed time spent in this place.
 B = Non-inter-level travel time spent in this place.
 C = Inter-level travel time spent in this place.
 D = Time resting spent in this place.
 E = Time spent auto-exploring this place.
 F = Levels seen in this place.
 G = Mean time per level.
                   A        B        C        D        E       F      G
               +--------+--------+--------+--------+--------+-----+--------+
         Total |   2828 |   2725 |    103 |    194 |   1911 |   4 |  707.0 |
       Dungeon |   2828 |   2725 |    103 |    194 |   1911 |   4 |  707.0 |
               +--------+--------+--------+--------+--------+-----+--------+

Top non-repeatable levels by time:
     D:2: 1065 daAuts
     D:1: 869 daAuts
     D:3: 793 daAuts
     D:4: 100 daAuts
